Cogmind - Beta 14 @@@ ROGUE MODE // 2024.08.09 @ 17:39:04 Player: Daffa0360 Result: Self-destructed Performance ------------- Evolutions (2) 1000 Regions Visited (7) 1400 Robots Destroyed (60) 300 Value Destroyed (1847) 1847 Prototype IDs (4) 80 Alien Tech Used (0) 0 Bonus (435) 435 TOTAL SCORE: 5062 Bonus ------- High Alert Combat Kills 150 Follower Combat Kills 105 Entered Garrisons 200 Friendly Fire -20 Cogmind --------- Core Integrity 40/550 Matter 210/300 Energy 56/100 System Corruption 1% Temperature Cool (0) Movement Flying (155) Ox3 Location -8/Materials Parts ------- > --- POWER (1) -------- (None) > --- PROPULSION (2) --- Surge Thruster > --- UTILITY (6) ------ Improved Sensor Array Shock Absorption System System Shield > --- WEAPON (2) ------- High-powered Shotgun Mini Assault Cannon > --- INVENTORY (5) ---- Surge Thruster Compact Matter Pod (150) Improved Sensor Array Improved Signal Interpreter Advanced EMP Blaster Peak State ------------ > --- POWER ------------ Improved Deuterium Engine > --- PROPULSION ------- Armored Huge Wheel > --- UTILITY ---------- Medium Storage Unit Improved Sensor Array Improved Signal Interpreter Improved Terrain Scanner Advanced Targeting Computer Kinecellerator > --- WEAPON ----------- Heavy EM Shotgun Heavy Particle Gun > --- INVENTORY -------- Improved Deuterium Engine VSS Leg High-capacity Battery Compact Matter Pod Improved Sensor Array Improved Signal Interpreter Transport Network Coupler Hacking Suite Rocket Launcher Mining Laser [Rating: 39] Favorites ----------- Power Improved Deuterium Engine Engine Improved Deuterium Engine Power Core Light Nuclear Core Propulsion Aluminum Leg Leg Aluminum Leg Wheel Armored Huge Wheel Flight Unit Surge Thruster Utility Medium Storage Unit Device Improved Terrain Scanner Storage Medium Storage Unit Processor Improved Signal Interpreter Hackware Hacking Suite Protection Reflective Plating Weapon Light Assault Rifle Energy Gun Heavy EM Shotgun Ballistic Gun Light Assault Rifle Ballistic Cannon Mini Assault Cannon Launcher Rocket Launcher Slashing Weapon Blade Saw Build | -11 -10 -10 -10 -9 -8 -8 -8 ------- Run | Yrd Mat Min Exi Min Mat Gar Mat Slots Evolved 4 | . . . . . 4 . . Power . | . . . . . . . . Propulsion . | . . . . . . . . Utility 4 | . . . . . 4 . . Weapon . | . . . . . . . . Parts Attached 62 | 6 5 4 . . 18 18 11 Power 9 | 1 1 1 . . 1 2 3 Engine 4 | 1 . 1 . . 1 1 . Core 5 | . 1 . . . . 1 3 Reactor . | . . . . . . . . Propulsion 14 | 2 2 1 . . 3 5 1 Treads . | . . . . . . . . Leg 5 | . 2 1 . . 1 1 . Wheel 4 | 2 . . . . 2 . . Hover . | . . . . . . . . Flight 5 | . . . . . . 4 1 Utility 17 | 1 2 . . . 7 4 3 Device 7 | . 1 . . . 3 1 2 Storage 3 | 1 1 . . . . 1 . Processor 2 | . . . . . 2 . . Hackware 2 | . . . . . . 1 1 Protection 3 | . . . . . 2 1 . Artifact . | . . . . . . . . Weapon 22 | 2 . 2 . . 7 7 4 Energy Gun 6 | . . . . . 3 3 . Energy Cannon . | . . . . . . . . Ballistic Gun 9 | 2 . 2 . . 2 1 2 Ballistic Cannon 1 | . . . . . . . 1 Launcher 4 | . . . . . 2 1 1 Special Weapon . | . . . . . . . . Impact Weapon . | . . . . . . . . Slashing Weapon 2 | . . . . . . 2 . Piercing Weapon . | . . . . . . . . Special Melee Weapon . | . . . . . . . . Unidentified Prototypes 4 | . . . . . 2 . 2 Parts Lost 17 | . 2 . . . 2 12 1 Power 3 | . 1 . . . . 2 . Propulsion 2 | . 1 . . . . 1 . Utility 4 | . . . . . 1 3 . Weapon 8 | . . . . . 1 6 1 Highest Loss Streak 7 | . 2 . . . 2 7 1 To Critical Strikes . | . . . . . . . . Average Slot Usage (%) 86 | . 93 100 100 100 86 70 50 Engine 7 | . 7 3 14 14 9 7 . Core 2 | . 1 10 . . . . 3 Leg 13 | . 11 28 28 28 2 1 . Wheel 4 | . 16 . . . 7 5 . Flight 1 | . . . . . . 3 13 Device 11 | . 9 14 14 14 17 6 9 Storage 11 | . 17 14 14 14 9 9 . Processor 6 | . . . . . 13 14 . Hackware 2 | . . . . . . 7 7 Protection 1 | . . . . . 9 1 . Energy Gun 4 | . . . . . 6 12 . Ballistic Gun 16 | . 28 28 28 28 9 . 7 Peak Build Rating 39 | 6 11 12 10 10 39 39 24 Average Rating 18 | 4 8 11 10 10 31 28 17 On Entrance 12 | . 6 11 10 10 10 39 16 Naked Turns 16 | . . . . . . 16 . Heaviest Build 36 | 11 21 19 19 19 36 33 12 Greatest Support 32 | 32 32 20 20 20 28 28 6 Greatest Overweight (x) 3 | . . . . . 1 2 3 Average Overweight (x) . | . . . . . . . . Largest Inventory Capacity 10 | 8 10 10 10 10 10 10 5 Average Capacity 9 | 6 9 10 10 10 10 9 5 Most Carried 10 | 4 7 10 9 10 10 10 5 Average Carried 8 | 1 4 9 9 9 9 8 4 Final Capacity 10 | 8 10 10 10 10 10 5 5 Final Carried 10 | 4 7 9 9 10 10 4 5 Class Distribution -------------------- 63% | Mutant 29% | Scavenger-Mutant 5% | Scavenger-Sprinter Dominant Class ---------------- Mutant | -10/Materials Mutant | -10/Mines Scavenger-Mutant | -10/Exiles Scavenger-Mutant | -9/Mines Mutant | -8/Materials Mutant | -8/Garrison Mutant | -8/Materials Resources | -11 -10 -10 -10 -9 -8 -8 -8 ----------- Run | Yrd Mat Min Exi Min Mat Gar Mat Matter Collected 1099 | 214 200 94 . 20 328 168 75 Remotely . | . . . . . . . . Salvage Created 2040 | 24 282 169 . . 871 567 127 Parts 128 | 5 18 15 . . 49 35 6 Haulers Intercepted 1 | . 1 . . . . . . Recyclers Shooed 2 | . 1 . . . 1 . . Parts Field Recycled . | . . . . . . . . Retrieved Matter . | . . . . . . . . Parts Self-Destructed . | . . . . . . . . Prevented . | . . . . . . . . Kills | -11 -10 -10 -10 -9 -8 -8 -8 ------- Run | Yrd Mat Min Exi Min Mat Gar Mat Combat Hostiles Destroyed 49 | . 5 7 . . 16 18 3 Melee 4 | . . . . . . 4 . Guns 34 | . 5 7 . . 7 12 3 AOE 11 | . . . . . 9 2 . Classes Destroyed 13 | 1 3 1 . . 6 2 . Worker 3 | . . . . . 3 . . Builder 2 | . . . . . 2 . . Tunneler 1 | 1 . . . . . . . Hauler 1 | . 1 . . . . . . Recycler 3 | . . . . . 3 . . Operator 1 | . 1 . . . . . . Swarmer 16 | . . 5 . . 3 8 . Cutter 2 | . . . . . . 2 . Grunt 22 | . 5 2 . . 10 3 2 Brawler 2 | . . . . . 1 1 . Sentry 5 | . . . . . 1 3 1 Hunter 1 | . . . . . 1 . . Programmer 1 | . . . . . . 1 . Best Kill Streak 9 | 1 2 3 . . 9 6 1 Combat Bots Only 6 | . 2 3 . . 4 6 1 Max Kills in Single Turn 4 | 1 1 1 . . 4 2 1 Gunslinging 1 | . . . . . . 1 . Exploded 3 | . . . . . 3 2 . Melee 1 | . . . . . . 1 . Uniques/NPCs Destroyed . | . . . . . . . . Combat | -11 -10 -10 -10 -9 -8 -8 -8 -------- Run | Yrd Mat Min Exi Min Mat Gar Mat Hostile Shots Fired 287 | . 28 32 . . 56 149 22 Missed 88 | . 4 8 . . 22 46 8 Damage Taken 2758 | . 311 217 . . 569 1453 208 Core 633 | . 88 35 . . 68 400 42 Absorbed by Shields . | . . . . . . . . Ignored by Resistances 70 | . . . . . 70 . . Core Remaining (%) 75 | 100 . . . 50 . . . Volleys Fired 128 | 4 27 16 . . 41 30 10 Largest 2 | 2 2 2 . . 2 2 1 Hottest 106 | 40 40 40 . . 83 106 25 Shots Fired 229 | 8 54 32 . . 75 50 10 Gun 217 | 8 54 32 . . 64 49 10 Cannon . | . . . . . . . . Launcher 12 | . . . . . 11 1 . Special . | . . . . . . . . Kinetic 139 | 8 54 32 . . 35 . 10 Thermal 24 | . . . . . . 24 . Explosive 12 | . . . . . 11 1 . Electromagnetic 54 | . . . . . 29 25 . Robot Hit Streak 15 | 1 10 11 . . 15 9 11 Robot Miss Streak 4 | 4 3 2 . . 4 3 2 Penetration Max . | . . . . . . . . Secondary Targets 7 | . 1 2 . . . 4 . Max Gunslinging Chain 1 | . 1 1 . . . 1 . Shots Hit Robots 158 | 1 33 22 . . 43 49 10 Core Hits 107 | 1 15 10 . . 45 28 8 Critical Kills . | . . . . . . . . Critical Parts Destroyed . | . . . . . . . . Critical Strikes 3 | . . . . . 1 1 1 Burn 1 | . . . . . . 1 . Corrupt 1 | . . . . . 1 . . Sever 1 | . . . . . . . 1 Melee Attacks 14 | . . . . . . 12 2 Impact . | . . . . . . . . Slashing 14 | . . . . . . 12 2 Piercing . | . . . . . . . . Sneak Attacks . | . . . . . . . . Combat Hostiles . | . . . . . . . . Follow-up Attacks . | . . . . . . . . Damage Inflicted 3963 | 14 360 275 . . 1970 1113 231 Guns 2081 | 14 360 275 . . 505 728 199 Cannons . | . . . . . . . . Explosions 1698 | . . . . . 1465 233 . Melee 184 | . . . . . . 152 32 Ramming . | . . . . . . . . Kinetic 995 | 14 360 275 . . 147 . 199 Thermal 566 | . . . . . 185 381 . Explosive 1462 | . . . . . 1280 182 . Electromagnetic 756 | . . . . . 358 398 . Impact . | . . . . . . . . Slashing 184 | . . . . . . 152 32 Piercing . | . . . . . . . . Highest Corruption 1 | . . . . . . 1 1 Average Corruption 1 | . . . . . . 1 1 Corruption Purged . | . . . . . . . . Corruption Blocked . | . . . . . . . . Effects 7 | . . . . . . 6 1 Message Errors 2 | . . . . . . 1 1 Matter Fused 1 | . . . . . . 1 . Heat Flow Errors 1 | . . . . . . 1 . Energy Discharges 1 | . . . . . . 1 . Data Loss (minor) 2 | . . . . . . 2 . Overload Shots . | . . . . . . . . Overflow Damage 38 | . . . . . 17 20 1 Projectiles . | . . . . . . . . Explosions 20 | . . . . . 17 3 . Melee 18 | . . . . . . 17 1 Knockbacks . | . . . . . . . . Impact . | . . . . . . . . Kinetic . | . . . . . . . . Secondary . | . . . . . . . . Self-Inflicted Damage 110 | . . . . . 21 89 . Shots 4 | . . . . . 1 3 . Rammed . | . . . . . . . . Targets Rammed . | . . . . . . . . Kicked . | . . . . . . . . Crushed . | . . . . . . . . Highest Temperature 250 | . 21 27 . . 155 250 . Average Temperature 57 | . 8 6 . . 55 82 . Received Heat Transfer 1047 | . 180 57 . . 297 432 81 Siege Activations . | . . . . . . . . Robots Corrupted . | . . . . . . . . Combat Hostiles . | . . . . . . . . Parts Fried 4 | . . . . . 2 2 . Impact Corruptions . | . . . . . . . . Robots Melted . | . . . . . . . . Combat Hostiles . | . . . . . . . . Parts Melted 1 | . . . . . . 1 . Heat Transferred 1027 | . . . . . 150 877 . Parts Sabotaged . | . . . . . . . . Parts Stolen . | . . . . . . . . Parts Stripped . | . . . . . . . . Power Chain Reactions 4 | . . . . . 2 2 . Alert | -11 -10 -10 -10 -9 -8 -8 -8 ------- Run | Yrd Mat Min Exi Min Mat Gar Mat Peak Influence 909 | 5 162 198 . . 455 909 590 Initial 442 | . 3 63 . . . 264 442 Average 256 | . 66 84 . . 232 438 512 Maximum Alert Level 3 | . . . . . 2 3 2 Low Security (%) 46 | 100 100 100 . 100 33 . . Level 1 29 | . . . . . 56 52 . Level 2 21 | . . . . . 9 40 100 Level 3 2 | . . . . . . 7 . Level 4 . | . . . . . . . . Level 5 . | . . . . . . . . High Security . | . . . . . . . . Max Security . | . . . . . . . . Squads Dispatched 5 | . 3 1 . . 1 . . Investigation . | . . . . . . . . Extermination . | . . . . . . . . Reinforcement 4 | . 3 . . . 1 . . Assault 1 | . . 1 . . . . . Garrison . | . . . . . . . . Intercept . | . . . . . . . . Searches Triggered . | . . . . . . . . Construction Impeded 1 | . . . . . 1 . . Haulers Reinforced . | . . . . . . . . Active Scanning Responses . | . . . . . . . . Cargo Convoy Interrupts . | . . . . . . . . Stealth | -11 -10 -10 -10 -9 -8 -8 -8 --------- Run | Yrd Mat Min Exi Min Mat Gar Mat Distress Signals 7 | . 2 . . . 1 . 4 Communications Jammed . | . . . . . . . . Distress Signals . | . . . . . . . . Times Spotted 80 | . 9 8 . . 24 30 9 Peak Tracking Total 9 | . 4 3 . . 5 9 5 Tactical Retreats 8 | . . . . . . 5 3 Traps | -11 -10 -10 -10 -9 -8 -8 -8 ------- Run | Yrd Mat Min Exi Min Mat Gar Mat Traps Triggered 6 | . . . . . . 6 . Indirectly . | . . . . . . . . Trap Hack Attempts . | . . . . . . . . Triggered . | . . . . . . . . Disarmed . | . . . . . . . . Reprogrammed . | . . . . . . . . Reused . | . . . . . . . . Traps Extracted . | . . . . . . . . Installed . | . . . . . . . . Triggered . | . . . . . . . . Machines | -11 -10 -10 -10 -9 -8 -8 -8 ---------- Run | Yrd Mat Min Exi Min Mat Gar Mat Machines Disabled 1 | . . . . . . 1 . Max in Single Turn 1 | . . . . . . 1 . Garrison Relay 1 | . . . . . . 1 . Machines Repaired . | . . . . . . . . Machines Dismantled . | . . . . . . . . Machines Sabotaged . | . . . . . . . . Overloaded Fab Kills . | . . . . . . . . Hacking | -11 -10 -10 -10 -9 -8 -8 -8 --------- Run | Yrd Mat Min Exi Min Mat Gar Mat Machines Accessed 14 | . 1 . 4 . 5 2 2 Terminals 8 | . 1 . . . 4 2 1 Fabricators . | . . . . . . . . Repair Stations . | . . . . . . . . Recycling Units . | . . . . . . . . Scanalyzers . | . . . . . . . . Garrison Access 2 | . . . . . 1 . 1 Total Hacks 22 | . 2 . 4 . 10 2 4 Successful 12 | . 2 . 4 . 3 . 3 Failed 10 | . . . . . 7 2 1 Catastrophic 3 | . . . . . 2 1 . Database Lockouts . | . . . . . . . . Manual 6 | . . . . . 6 . . Terminals 16 | . 2 . . . 9 2 3 Fabricators . | . . . . . . . . Repair Stations . | . . . . . . . . Recycling Units . | . . . . . . . . Scanalyzers . | . . . . . . . . Garrison Access 2 | . . . . . 1 . 1 Terminal Hacks 10 | . 2 . 4 . 2 . 2 Record 5 | . . . 4 . . . 1 Level Access Points 1 | . . . . . . . 1 Alert Level 1 | . . . . . 1 . . Locate Traps 2 | . 1 . . . 1 . . Surveillance Status 1 | . 1 . . . . . . Fabricator Hacks . | . . . . . . . . Repair Station Hacks . | . . . . . . . . Recycling Unit Hacks . | . . . . . . . . Scanalyzer . | . . . . . . . . Garrison Access Hacks 2 | . . . . . 1 . 1 Unlock Access 2 | . . . . . 1 . 1 Unauthorized Hacks . | . . . . . . . . Terminals . | . . . . . . . . Fabricators . | . . . . . . . . Repair Stations . | . . . . . . . . Recycling Units . | . . . . . . . . Scanalyzers . | . . . . . . . . Garrison Access . | . . . . . . . . Data Cores Recovered . | . . . . . . . . Used . | . . . . . . . . Hacking Detections 7 | . . . . . 4 2 1 Full Trace Events . | . . . . . . . . Feedback Events . | . . . . . . . . Feedback Blocked . | . . . . . . . . Robot Schematics Acquired . | . . . . . . . . Robots Built . | . . . . . . . . Authchips . | . . . . . . . . Time . | . . . . . . . . Total Robot Build Rating . | . . . . . . . . Part Schematics Acquired . | . . . . . . . . Parts Built . | . . . . . . . . Authchips . | . . . . . . . . Time . | . . . . . . . . Total Part Build Rating . | . . . . . . . . Parts Repaired . | . . . . . . . . Time . | . . . . . . . . Parts Recycled . | . . . . . . . . Recycled Matter . | . . . . . . . . Retrieved Matter . | . . . . . . . . Retrieved Components . | . . . . . . . . Parts Scanalyzed . | . . . . . . . . Part Schematics Acquired . | . . . . . . . . Parts Damaged . | . . . . . . . . Bothacking | -11 -10 -10 -10 -9 -8 -8 -8 ------------ Run | Yrd Mat Min Exi Min Mat Gar Mat Used RIF Installer . | . . . . . . . . Robots Hacked . | . . . . . . . . Non-combat . | . . . . . . . . Combat . | . . . . . . . . Robot Hacks Applied . | . . . . . . . . Relay Couplers Released 6 | . . . . . . 6 . Machine Destruction 3 | . . . . . . 3 . Programmers 3 | . . . . . . 3 . Fabnet Peak Effective % . | . . . . . . . . Robots Rewired . | . . . . . . . . Allies Hacked . | . . . . . . . . Hacks Repelled . | . . . . . . . . Allies | -11 -10 -10 -10 -9 -8 -8 -8 -------- Run | Yrd Mat Min Exi Min Mat Gar Mat Total Allies 1 | . . 1 . . . . . Largest Group 1 | . . 1 1 1 1 . . Highest-Rated Group 31 | . . 31 31 31 31 . . Highest-Rated Ally 31 | . . 31 31 31 31 . . Total Orders . | . . . . . . . . Ally Attacks 33 | . . . . . 33 . . Total Damage 464 | . . . . . 464 . . Kills 5 | . . . . . 5 . . Allies Corrupted . | . . . . . . . . Allies Melted . | . . . . . . . . Intel | -11 -10 -10 -10 -9 -8 -8 -8 ------- Run | Yrd Mat Min Exi Min Mat Gar Mat Robot Analysis Total . | . . . . . . . . Derelict Logs Recovered 2 | . . 1 . 1 . . . Drone Launches . | . . . . . . . . Drone Recoveries . | . . . . . . . . Exploration | -11 -10 -10 -10 -9 -8 -8 -8 ------------- Run | Yrd Mat Min Exi Min Mat Gar Mat Turns Passed 4520 | 77 363 901 882 125 665 1296 211 Spaces Moved 3105 | 55 157 634 732 61 411 780 275 Core 42 | 9 . . . . . 33 . Treads . | . . . . . . . . Legs 1634 | . 80 634 732 61 41 86 . Wheels 843 | 46 77 . . . 370 350 . Hover . | . . . . . . . . Flight 586 | . . . . . . 311 275 Fastest Speed 32 | 50 100 120 120 120 115 32 32 Average Speed 106 | 91 110 120 120 120 121 95 50 Slowest Speed 270 | 100 120 120 120 120 190 270 155 Overloaded Moves . | . . . . . . . . Propulsion Burnouts . | . . . . . . . . Robots Hopped . | . . . . . . . . Cave-ins Triggered . | . . . . . . . . Exploration Rate (%) 46 | 4 42 96 91 14 35 64 24 Regions Visited 7 Branch Regions 3 Pre-discovered Areas . | . . . . . . . . Known Exits Taken 1 | . . . . . 1 . . Unknown Exits Taken 5 | 1 1 1 1 1 . . . Scrap Searched 1 | . . 1 . . . . . Spaces Dug . | . . . . . . . . Terrain Destroyed 72 | . . . . . 56 16 . Melee . | . . . . . . . . Projectile . | . . . . . . . . AOE 72 | . . . . . 56 16 . Terrain Rammed . | . . . . . . . . Walls Destroyed . | . . . . . . . . Machines Disabled . | . . . . . . . . Actions | -11 -10 -10 -10 -9 -8 -8 -8 --------- Run | Yrd Mat Min Exi Min Mat Gar Mat Total 4074 | 74 299 750 735 113 510 1260 333 Wait 598 | . 103 78 4 52 16 321 24 Move 3099 | 54 156 633 731 60 411 779 275 Hop . | . . . . . . . . Pick Up 43 | 10 6 10 . 1 8 6 2 Fast Attach 22 | . . . . . 10 6 6 Attach 26 | 6 5 . . . 3 9 3 Detach 6 | . 2 . . . 1 . 3 Swap 14 | . . 4 . . 5 3 2 Drop 36 | . . 9 . . 15 6 6 Fire 128 | 4 27 16 . . 41 30 10 Melee 14 | . . . . . . 12 2 Ram . | . . . . . . . . Kick . | . . . . . . . . Crush . | . . . . . . . . Escape Stasis 88 | . . . . . . 88 . Rewire . | . . . . . . . . Trap . | . . . . . . . . Miscellaneous . | . . . . . . . . Route ------- -11/Scrapyard -10/Materials -10/Mines (discovered 3 exits: [*Mat x2] / *Exi) -10/Exiles (discovered 2 exits: [*Min x2]) -9/Mines -8/Materials (discovered 3 exits: *Fac x2 / Gar) -8/Garrison (discovered 2 exits: *Mat x2) -8/Materials (discovered 4 exits: Fac x3 / Gar) History --------- Turn | Location | Event 15 | -11/Scrapyard | Discovered new exit (range 16) 78 | -11/Scrapyard | Entered Materials 318 | -10/Materials | Build established: Mutant 419 | -10/Materials | Discovered new exit (range 16) 441 | -10/Materials | Entered Mines 713 | -10/Mines | Found a hidden stash of uninstalled traps 734 | -10/Mines | Discovered new exit (range 7) 803 | -10/Mines | Learned Materials emergency access door positions 921 | -10/Mines | Discovered new exit (range 5) 1203 | -10/Mines | Received a Rocket Launcher from a helpful Derelict 1240 | -10/Mines | Met a Derelict testing a Signal Generator 1251 | -10/Mines | Found Signal Generator 1302 | -10/Mines | Deemed a non-threat by the Exiles lab entrance 1302 | -10/Mines | Discovered new exit (range 5) 1342 | -10/Mines | Entered Exiles 1342 | -10/Exiles | Found Exiles lab abandoned 1342 | -10/Exiles | Accompanied by 1 ally 1431 | -10/Exiles | Build established: Scavenger-Mutant 1942 | -10/Exiles | Discovered new exit (range 11) 2066 | -10/Exiles | Discovered new exit (range 14) 2224 | -10/Exiles | Entered Mines 2224 | -9/Mines | Accompanied by 1 ally 2232 | -9/Mines | Met a Derelict bent on vengeance 2236 | -9/Mines | Discovered new exit (range 6) 2276 | -9/Mines | Learned Materials garrison access intel 2349 | -9/Mines | Entered Materials 2349 | -8/Materials | Accompanied by 1 ally 2349 | -8/Materials | Evolved 4 slots: Utility x4 2351 | -8/Materials | Loaded intel: 1 garrison access location 2699 | -8/Materials | Build established: Mutant 2782 | -8/Materials | Discovered new exit (range 16) 2801 | -8/Materials | Identified exit to Factory 2963 | -8/Materials | Discovered exit to Factory (range 14) 3014 | -8/Materials | Identified exit to Garrison 3014 | -8/Materials | Entered Garrison 3160 | -8/Garrison | Triggered checkpoint 3562 | -8/Garrison | Triggered checkpoint 3639 | -8/Garrison | Discovered new exit (range 9) 3668 | -8/Garrison | Triggered checkpoint 3744 | -8/Garrison | Triggered checkpoint 3797 | -8/Garrison | Core integrity fell below 50% 3842 | -8/Garrison | Triggered checkpoint 3848 | -8/Garrison | Lost 7 parts (1p1n1u4w) 3994 | -8/Garrison | Discovered new exit (range 12) 4048 | -8/Garrison | Triggered checkpoint 4077 | -8/Garrison | Released all parts (5) 4082 | -8/Garrison | Core integrity fell below 20% 4107 | -8/Garrison | Lost 4 parts (1p1u2w) 4235 | -8/Garrison | Garrison Relay disabled 4256 | -8/Garrison | Triggered checkpoint 4294 | -8/Garrison | Triggered checkpoint 4310 | -8/Garrison | Entered Materials 4505 | -8/Materials | Identified exit to Garrison 4521 | -8/Materials | Self-destructed Last Messages --------------- 04460_ Dropped Mic. Nuclear Core. 04461_ R-06 Scavenger collects Aluminum Leg. 04463_ Acquired Mic. Nuclear Core. 04464_ W-25 Informer sends out distress signal. 04469_ Acquired 30 matter. 04480_ Y-45 Defender Lgt. Armor Plating severed. 04483_ Destroyed Heat Sink. 04484_ Blade Saw destroyed. 04488_ Y-45 Defender destroyed. 04490_ Dropped Mic. Nuclear Core. 04491_ Acquired 45 matter. 04493_ Acquired Hvy. Assault Rifle. 04494_ Dropped Hvy. Assault Rifle. 04505_ Connecting with Garrison Access... >>Unlock Access door unlocked. 04505_ EXIT=UNLOCKED: GARRISON 04517_ Acquired Shock Absorption System. 04520_ Acquired Prototype Ballistic Cannon. 04520_ Identified Mni. Assault Cannon. Map ----- +----------------------------------------------------+ | ?????????????????????????????????????????????????? | | ?????????????????????????????????????????????????? | | ?????????????????????????????????????????????????? | | ?????????????????????????????????????????????????? | | ?????????????????????????????????????????????????? | | ?????????????????????????????????????????????????? | | ?????????????????????????????????????????????????? | | ?????????????????????????????????????????????????? | | ?????????????????????????????????????????????????? | | ?????????????????????????????????????????????????? | | ?????????????????????????????????????????????????? | | ?????????????????????????????????????????????????? | | ?????????????????????????????????????????????????? | | ?????????????????????????????????????????????????? | | ?????????????????????????????????????????????????? | | ?????????????????????????????????????????????????? | | ?????????????????????????????????????????????????? | | ?????????????????????????????????????????????????? | | ?????????????????????????????????????????????????? | | ??????????????????????????????????????????H??????? | | ?????????????????????????????????????????????????? | | ?????????????????????????????????????????????????? | | ?????????????????????????????????????????????????? | | ??????????????????????########???????????????????? | | ??????????????????????#!!]]]]#???????????????????? | | ??????????????????????#! @]]]#???????????????????? | | ??????????????????#???# #???????????????????? | | ??????????? ##### ### #???????????????????? | | ??????????????+ #????????/#?????????? | | ????????????????### #???????? #?????????? | | ??????????????????# #########+##????????? | | ??????????????????# ## #????????? | | ??????????????????# ##### ## #????????? | | ??????????????????# ????# ## """ """ #????????? | | ??????????????????#?????# # """ """ #????????? | | ????????????????????#####+## ## """ " " #????????? | | ????????????????????# # ## #????????? | | ????????????????????# """ # ## "T"** #????????? | | ????????????????????# "G" # ## """%= #????????? | | ????????????????????# ">" # ######"#####????????? | | ##??????????????????# + = [#?#######???? | | #??????????????????# # ##### # #???? | | ############???????######## #???# # """""?????? | | # ??????????????? #???# + """""?????? | | # ##########?????????## #???# # """""?????? | | + + #??????????# #???# # #???? | | # # #??????????# #??## #########???? | | # # #????????###+#### ###########? | | ## ## #????????# [# #? | | ### ## #????????# # #? | +----------------------------------------------------+ Best States ------------- Heat Dissipation 31 Energy Generation 16 Energy Capacity 540 Matter Stores 300 Matter Capacity 300 Sight Range 16 Robot Scan Range 15 Terrain Scan Range 16 Terrain Scan Density 10 Armor Coverage 150 Resistance: TH 10 Resistance: EX 25 Core Shielding 20 Evasion (%) 63 Targeting Accuracy 8 Kinecelleration 30 Offensive Hacking 10 Defensive Hacking 10 Item Schematics ----------------- None Robot Schematics ------------------ None Fabricated ------------ Nothing Alien Tech Used ----------------- None Achievements -------------- None Challenges ------------ None Game ------ Seed ConcussiveSensorRouter Manual? 0 Play Time 00:34:34 Cumulative 30.7 hours Start 2024.08.09 @ 17:00:43 End 2024.08.09 @ 17:39:04 Sessions 3 Manual Loads 0 Difficulty Rogue Special Mode None Game No. 53 Rogue 49 Adventurer 4 Explorer 0 Win Type - Total 0 Types 0/0/0/0/0/0/0/0/0 Lore% 8 Gallery% 28 Achievement% 19 Wizard Run 0 Options --------- Layout 1 ASCII 0 Keyboard 0 Movement Mouse Keybinds 0 Fullscreen 2 Font 24/Smallcaps Map View 50x35 Zoom Use 0% Tactical HUD 1 Map Filters NONE Filters NONE Steam 1 RUN: 62a1f126-cfc1-4431-bb70-473a30808dce